AoeStats
← damiansima

Black Forest

510647943Analyzed
4v4 RM · 5h ago on Oct 2, 2026· 48m 54s· 8 players
Game mode
Random Map
Map size
Large (8 player)
Population
200
Speed
Normal
Resources
Standard
Victory
Conquest
Starting age
Dark Age
Ending age
Imperial Age
RankedLock teamsTeams togetherTeam positionsShared explorationLock speedFull tech treeHidden civsTurbo modeCheats
Victory
Defeat
🇮🇱 Turks · Israel
1229
+11
🇦🇷 Danes · Argentina
1215
+11
🇺🇸 Bohemians · United States
1186
+13
🇫🇷 Persians · France
1183
+13
1136
-13
🇨🇴 Malians · Colombia
1131
-13
🇨🇴 Magyars · Colombia
1100
-11
🇨🇴 Khmer · Colombia
1083
-11
Mike
0:54 Loom
12:39 Feudal Age
16:43 Castle Age
14:32 Double-Bit Axe
18:42 Bow Saw
20:55 Wheelbarrow
20:31 Town Watch
23:28 Horse Collar
24:30 Heavy Plow
26:57 Hand Cart
27:36 Gold Mining
27:38 Stone Mining
30:17 Gold Shaft Mining
32:20 Imperial Age
30:34 Fletching
30:45 Padded Archer Armor
30:59 Fortified Wall
31:09 Ballistics
31:25 Bodkin Arrow
32:22 Leather Archer Armor
33:00 Treadmill Crane
33:33 Masonry
33:57 Thumb Ring
33:55 Bracer
34:26 Ring Archer Armor
35:54 Artillery
36:16 Conscription
38:05 Caravan
Nighthawk
0:51 Loom
13:01 Feudal Age
14:10 Double-Bit Axe
21:08 Castle Age
19:05 Fletching
20:32 Horse Collar
24:19 Fervor
26:47 Bow Saw
28:57 Chemistry
33:24 Imperial Age
32:17 Wheelbarrow
34:43 Padded Archer Armor
38:22 Conscription
40:27 Leather Archer Armor
40:21 Wagenburg Tactics
40:40 Pikeman
43:09 Scale Mail Armor
43:19 Forging
43:40 Ring Archer Armor
43:38 Hand Cart
43:32 Halberdier
46:40 Chain Mail Armor
47:00 Iron Casting
46:32 Squires
46:18 Arson
46:11 Houfnice
47:49 Siege Engineers
damiansima
10:50 Loom
12:36 Feudal Age
14:04 Double-Bit Axe
14:12 Gold Mining
18:02 Castle Age
16:31 Horse Collar
19:18 Bow Saw
22:47 Caravan
22:45 Fishing Lines
24:17 Gillnets
28:48 Imperial Age
26:23 Scale Mail Armor
26:34 Forging
26:25 Squires
26:10 Arson
26:29 Pikeman
27:21 Forging
27:58 Ballistics
27:48 Masonry
27:40 Stone Mining
29:06 Chain Mail Armor
29:26 Iron Casting
29:54 Stone Shaft Mining
29:38 Onager
30:28 Halberdier
30:35 Halberdier
31:08 Gambesons
32:20 Wheelbarrow
31:52 Town Watch
32:25 Elite Varangian Guard
33:37 Plate Mail Armor
35:40 Chemistry
34:46 Siege Engineers
36:03 Blast Furnace
34:53 Fletching
34:56 Siege Onager
35:10 Northmen's Fury
36:11 Conscription
35:53 Padded Archer Armor
36:23 Capped Ram
40:59 Heavy Scorpion
42:40 Hamask
43:55 Hoardings
45:39 Gold Shaft Mining
44:43 Elite Jomsviking
Rhum
11:38 Feudal Age
15:30 Castle Age
14:26 Double-Bit Axe
16:56 Wheelbarrow
17:45 Bow Saw
21:04 Town Watch
21:16 Horse Collar
25:07 Gold Mining
25:23 Heavy Plow
30:10 Caravan
34:46 Imperial Age
33:51 Scale Barding Armor
34:07 Hand Cart
34:25 Loom
34:40 Town Patrol
37:11 Imperial Age
35:44 Devotion
36:17 Husbandry
36:27 Bloodlines
38:03 Conscription
40:40 Hoardings
39:58 Elite War Elephant
41:07 Chain Barding Armor
41:04 Forging
42:40 Plate Barding Armor
43:08 Iron Casting
43:35 Ballistics
43:08 Fletching
44:24 Bodkin Arrow
46:00 Two-Man Saw
45:30 Crop Rotation
46:31 Blast Furnace
adrian_mg123
12:18 Feudal Age
18:07 Castle Age
15:56 Fishing Lines
17:02 Double-Bit Axe
16:58 Horse Collar
17:27 Gold Mining
19:07 Gillnets
24:38 Wheelbarrow
23:49 Loom
27:50 Padded Archer Armor
27:57 Scale Barding Armor
30:40 Imperial Age
28:52 Heavy Plow
29:03 Forging
29:23 Tusk Swords
29:48 Chain Barding Armor
31:07 Iron Casting
30:27 Fletching
31:25 Ballistics
31:27 Hand Cart
31:39 Leather Archer Armor
31:46 Conscription
32:13 Plate Barding Armor
32:06 Bow Saw
32:31 Crop Rotation
33:24 Chemistry
32:50 Heavy Scorpion
33:46 Bloodlines
34:35 Double Crossbow
34:34 Bodkin Arrow
35:17 Ring Archer Armor
35:18 Caravan
36:31 Blast Furnace
35:34 Husbandry
36:25 Gold Shaft Mining
35:41 Stone Mining
35:53 Guard Tower
36:29 Bracer
36:37 Heated Shot
36:29 Elite Battle Elephant
36:44 Capped Ram
40:21 Stone Shaft Mining
Hanyo
0:43 Loom
12:23 Feudal Age
12:54 Town Watch
16:06 Castle Age
14:20 Double-Bit Axe
14:46 Horse Collar
24:28 Wheelbarrow
30:36 Imperial Age
28:46 Husbandry
29:21 Bloodlines
30:06 Scale Barding Armor
30:13 Forging
31:22 Farimba
30:52 Heavy Camel Rider
33:53 Tigui
34:04 Fletching
34:41 Bodkin Arrow
35:34 Elite Gbeto
37:58 Chain Barding Armor
38:14 Iron Casting
39:23 Plate Barding Armor
SIR_RAZER_RAMON
1:05 Loom
13:10 Feudal Age
13:52 Double-Bit Axe
19:54 Castle Age
19:18 Horse Collar
19:32 Fletching
32:44 Imperial Age
30:31 Scale Barding Armor
31:43 Corvinian Army
32:02 Heavy Plow
34:48 Crop Rotation
34:59 Wheelbarrow
37:28 Elite Magyar Huszar
39:12 Hand Cart
46:19 Chain Barding Armor
Estoy como loquita
5:16 Loom
12:04 Feudal Age
17:08 Castle Age
15:40 Double-Bit Axe
19:19 Bow Saw
26:48 Gold Mining
26:50 Stone Mining
26:56 Horse Collar
27:02 Fishing Lines
28:11 Gold Shaft Mining
28:14 Stone Shaft Mining
28:32 Gillnets
31:58 Imperial Age
30:45 Forging
30:40 Scale Barding Armor
33:04 Conscription
32:55 Logistica
32:42 Light Cavalry
33:53 Heavy Plow
35:05 Wheelbarrow
35:58 Two-Man Saw
35:11 Hussar
36:37 Iron Casting
36:22 Chain Barding Armor
36:37 Iron Casting
37:28 Husbandry
38:00 Chain Barding Armor
Connection lost

Rejoining the realm…

Still unreachable

The connection could not be restored.

Session expired

The server has moved on; the page needs a fresh start.